 Dungeon Crawl Stone Soup version 0.26.0-8-g74fc34ddfb (console) character file.

Game seed: 3409283868266131120

1467 om the Chiller (level 8, -5/50 HPs)
             Began as a Gargoyle Ice Elementalist on Jan 12, 2021.
             Was an Initiate of Ashenzari.
             Slain by an ice beast (14 damage)
             ... on level 6 of the Dungeon.
             The game lasted 00:20:52 (7834 turns).

om the Chiller (Gargoyle Ice Elementalist)          Turns: 7834, Time: 00:20:52

Health: -5/50      AC: 10    Str: 14    XL:     8   Next: 77%
Magic:  12/12      EV: 14    Int: 16    God:    Ashenzari [......]
Gold:   214        SH:  0    Dex: 17    Spells: 6/13 levels left

rFire    . . .     SeeInvis .   m - +0 whip (pain) (curse)
rCold    . . .     Faith    .   (no shield)
rNeg     + + +     Spirit   .   y - +1 leather armour "Upaic" {rN++ Dex+7 Stlth+} (curse)
rPois    ∞         Reflect  .   (no helmet)
rElec    +         Harm     .   s - +0 cloak
rCorr    .         Rampage  .   (no gloves)
Will     .....                  (no boots)
Stlth    ++++......             o - amulet of regeneration
HPRegen  0.56/turn              (no ring)
MPRegen  0.13/turn              (no ring)

@: no status effects
A: negative energy resistance 1, electricity resistance, unbreathing,
petrification resistance, miasma immunity, AC +5
a: Renounce Religion, Curse Item


You were on level 6 of the Dungeon.
You worshipped Ashenzari.
Ashenzari was noncommittal.
You visited 2 branches of the dungeon, and saw 8 of its levels.

You collected 322 gold pieces.
You spent 108 gold pieces at shops.

Inventory:

Hand Weapons
 b - a +0 whip
 m - a cursed +0 whip of pain (weapon)
 n - a +2 hand axe of freezing
Armour
 s - a +0 cloak (worn)
 y - the cursed +1 leather armour "Upaic" (worn) {rN++ Dex+7 Stlth+}
   (You found it on level 6 of the Dungeon)

   It affects your dexterity (+7).
   It greatly protects you from negative energy.
   It makes you more stealthy.
   It has a curse placed upon it.
Jewellery
 o - an amulet of regeneration (around neck)
Wands
 v - a wand of flame (35)
Scrolls
 c - a scroll of magic mapping {unknown}
 f - 2 scrolls of fear
 h - 2 scrolls of teleportation
 k - a scroll of enchant armour
 l - a scroll of enchant weapon {unknown}
 p - a scroll of fog
 q - a scroll of immolation {unknown}
 w - 2 scrolls of amnesia {unknown}
 x - a scroll of identify
Potions
 e - a potion of curing
 i - a potion of invisibility
 j - a potion of attraction {unknown}
 r - a potion of mutation {unknown}
 t - a potion of haste {unknown}
 u - a potion of berserk rage {unknown}


   Skills:
 + Level 5.5 Fighting
 - Level 5.0 Maces & Flails
 + Level 2.0 Armour
 * Level 3.9 Dodging
 - Level 4.0 Stealth
 - Level 3.0 Spellcasting
 - Level 6.0 Ice Magic


You had 6 spell levels left.
You knew the following spells:

 Your Spells              Type           Power        Failure   Level
a - Freeze                Ice            84%          1%          1
b - Frozen Ramparts       Ice            42%          6%          3
c - Ozocubu's Armour      Ice            21%          6%          3

Your spell library contained the following spells:

 Spells                   Type           Power        Failure   Level
 Hailstorm                Conj/Ice       12%          54%         4
 Summon Ice Beast         Ice/Summ       12%          54%         4


Dungeon Overview and Level Annotations

Branches:
Dungeon (7/15)             Temple (1/1) D:5

Altars:
Ashenzari
Cheibriados
Elyvilon
Fedhas
Gozag
Hepliaklqana
Kikubaaqudgha
Makhleb
Nemelex Xobeh
Okawaru
Qazlal
Trog
Uskayaw
Vehumet
Wu Jian
Xom
Yredelemnul
Zin
The Shining One

Shops:
D:5 [


Innate Abilities, Weirdness & Mutations

You are resistant to torment.
Your stone body is resilient. (AC +5)
You are immune to poison.
You resist negative energy. (rN+)
You are resistant to electric shocks. (rElec)
You can survive without breathing.
You are immune to petrification.
You are immune to miasma.


Message History

The ice beast closely misses you.
You barely miss the ice beast.
The ice beast is heavily wounded.
The ice beast misses you.
You hit the ice beast but do no damage.
The ice beast is heavily wounded.
The ice beast closely misses you.
You closely miss the ice beast.
The ice beast is heavily wounded.
The ice beast hits you. The ice beast freezes you!
You hit the ice beast.
The ice beast is severely wounded.
The ice beast hits you. The ice beast freezes you.
* * * LOW HITPOINT WARNING * * *
You hit the ice beast.
The ice beast is severely wounded.
The ice beast hits you.
* * * LOW HITPOINT WARNING * * *
The ice beast freezes you!
You die...

##...........## #..#
#....# # ##........###
##.# #....# ##
##.....### ###.## #....#
.## ###.### ###....#
#....# ..## ###
###......####...## ...##
###........)###....#
....##
##............(##...# #
.....##
##................##.###
......#
#............###.....#..
......# #...........##
####[...# ......#
#......@#...# ###.##
......# #.....Y##..##
#..# ......#
#....###..## #..#
.....## #######...# #..#
....## ##..## #..# ..###
### ##..## #..#
...####.### #...# ###..#
###.......####..##
###.#..#
###.......##...#
##......#
##.........#...##
#.......#
#.............##
#.......##


You could see an ice beast.

Vanquished Creatures
  2 ice beasts
  An ogre (D:4)
  2 bullfrogs (D:6)
  A wight (D:6)
  4 howler monkeys
  5 hounds
  2 jellies (D:5)
  3 orc wizards
  3 bullfrog skeletons
  Natasha (thrice) (D:3)
  3 iguanas
  5 worker ants
  2 worker ant zombies (D:5)
  4 gnolls (D:3)
  4 adders
  2 shadow imps
  A white imp (D:6)
  An adder skeleton (D:4)
  4 worms
  The ghost of Snicker the Sneak, a weakling DsDe (D:5)
  3 leopard geckos
  21 orcs
  7 giant cockroaches
  4 hobgoblins (D:2)
  15 kobolds
  A quokka (D:4)
  2 ball pythons
  4 bats
  3 frilled lizards
  6 goblins
  A leopard gecko skeleton (D:5)
  8 rats
128 creatures vanquished.

Vanquished Creatures (others)
  2 fungi (D:5)
  2 plants (D:5)
4 creatures vanquished.

Grand Total: 132 creatures vanquished

Notes
Turn   | Place    | Note
-------+----------+-------------------------------------------
     0 | D:1      | om the Gargoyle Ice Elementalist began the quest for the
                  | Orb.
     0 | D:1      | Reached XP level 1. HP: 10/10 MP: 3/3
   562 | D:1      | Reached XP level 2. HP: 15/15 MP: 1/5
  1123 | D:2      | Reached XP level 3. HP: 16/19 MP: 2/6
  1267 | D:2      | You fall into a shaft and drop 1 floor!
  1327 | D:2      | Learned a level 3 spell: Frozen Ramparts
  1696 | D:2      | Found an iron altar of Okawaru.
  2309 | D:2      | Reached skill level 1 in Maces & Flails
  2309 | D:2      | Reached XP level 4. HP: 12/24 MP: 1/7
  2455 | D:2      | Found a white marble altar of Elyvilon.
  2455 | D:2      | Found an opulent altar of Gozag.
  2853 | D:3      | Noticed Natasha
  2862 | D:3      | Killed Natasha
  2863 | D:3      | Reached XP level 5. HP: 19/28 MP: 3/9
  2879 | D:3      | Noticed Natasha
  2887 | D:3      | Killed Natasha
  3111 | D:3      | Noticed Natasha
  3122 | D:3      | Killed Natasha
  3717 | D:3      | Reached XP level 6. HP: 8/32 MP: 4/10
  3724 | D:3      | Learned a level 3 spell: Ozocubu's Armour
  4058 | D:4      | Reached skill level 5 in Ice Magic
  4332 | D:4      | Reached XP level 7. HP: 35/36 MP: 7/11
  4392 | D:4      | Found a white marble altar of Elyvilon.
  5303 | D:5      | Entered Level 5 of the Dungeon
  5303 | D:5      | Found Uninoo's Antique Armour Emporium.
  5369 | D:4      | Reached skill level 1 in Fighting
  5382 | D:5      | Bought a fabulously ornate robe for 108 gold pieces
  5408 | D:5      | Identified the +0 robe of Fedhas's Reproof {rPois rN+
                  | Stlth+} (You bought it in a shop on level 5 of the Dungeon)
  5458 | D:5      | Found a staircase to the Ecumenical Temple.
  5565 | Temple   | Entered the Ecumenical Temple
  5661 | Temple   | Became a worshipper of Ashenzari the Shackled
  5964 | D:5      | Found a runed translucent gate.
  5964 | D:5      | Found a runed translucent gate.
  5964 | D:5      | Found a runed translucent gate.
  5967 | D:5      | Noticed Snicker's ghost (weakling DsDe)
  5967 | D:5      | Identified the +5 short sword "Dragon's Tongue" {chaos,
                  | rF++ Int+3}
  6029 | D:5      | Reached skill level 5 in Maces & Flails
  6029 | D:5      | Reached skill level 6 in Ice Magic
  6029 | D:5      | Reached XP level 8. HP: 24/45 MP: 12/12
  6425 | D:5      | Killed Snicker's ghost
  6794 | D:6      | Reached skill level 5 in Fighting
  6887 | D:6      | Reached skill level 1 in Armour
  6902 | D:6      | Found a hazy altar of Hepliaklqana.
  7050 | D:6      | Got the uncursed leather armour "Upaic" {rN++ Dex+7 Stlth+}
  7061 | D:6      | Identified the +1 leather armour "Upaic" {rN++ Dex+7
                  | Stlth+} (You found it on level 6 of the Dungeon)
  7834 | D:6      | Slain by an ice beast

Illustrated notes

Levels and vault maps discovered:
D:1:      dpeg_arrival_orchard, layout_basic, minmay_tromino_v2
D:2:      layout_loops_ring, okawaru_metal_pillars_3, minitemple
D:3:      layout_loops_ring, grunt_decor_one_mirror, uniq_natasha
D:4:      layout_basic, elyvilon_altar_4
D:5:      layout_gridville, minmay_temple_entry_mini_moons,
          gammafunk_ghost_nasty_kobolds, serial_shops, shop
D:6:      layout_cave_pods, overflow_temple_1_default
D:7:      layout_rooms, kennysheep_mini_moat, kennysheep_small_spiral,
          fedhas_altar_4
Temple:   regret_index_temple_waves

Skill      XL: |  1  2  3  4  5  6  7  8 |
---------------+-------------------------+-----
Maces & Flails | 1 2 3 5 |  5.0
Dodging        | 2 3 |  3.9
Stealth        | 3 4 |  4.0
Spellcasting   | 3 |  3.0
Ice Magic      | 5 6 |  6.0
Fighting       | 2 5 |  5.5
Armour         | 2 |  2.0

Action                   |  1- 3 |  4- 6 |  7- 9 || total
-------------------------+-------+-------+-------++-------
Melee: Whip              |    60 |    91 |   278 ||   429
       Unarmed           |     2 |       |       ||     2
 Cast: Freeze            |    38 |    40 |    50 ||   128
       Frozen Ramparts   |     2 |     8 |    10 ||    20
       Ozocubu's Armour  |       |     1 |       ||     1
Invok: Curse Item        |       |       |     2 ||     2
Evoke: Wand              |       |       |     8 ||     8
  Use: Scroll            |       |     4 |     5 ||     9
       Potion            |       |       |     1 ||     1
 Stab: Sleeping          |     3 |     3 |     7 ||    13
Armor: Robe              |    41 |    40 |    64 ||   145
       Leather armour    |       |       |    43 ||    43
Dodge: Dodged            |    58 |    81 |   200 ||   339
